 Dungeon Crawl Stone Soup version 0.28-a0-1382-g92835e5c71 (webtiles) character file.

Game seed: 9177340303490552546

2284 bande the Chopper (level 9, -5/55 HPs)
             Began as a Gargoyle Fighter on Jan 2, 2022.
             Was a Follower of Okawaru.
             Slain by Maggie (8 damage)
             ... on level 7 of the Dungeon.
             The game lasted 00:15:12 (8378 turns).

bande the Chopper (Gargoyle Fighter)                Turns: 8378, Time: 00:15:13

Health: -5/55      AC: 15    Str: 19    XL:     9   Next: 39%
Magic:  12/12      EV:  9    Int: 10    God:    Okawaru [*.....]
Gold:   417        SH:  6    Dex: 13    Spells: 8/8 levels left

rFire   . . .      SeeInvis +   a - +0 war axe (vorpal)
rCold   + . .      Faith    .   c - +1 buckler
rNeg    + + .      Spirit   .   b - +0 scale mail
rPois   ∞          Reflect  .   (no helmet)
rElec   +          Harm     .   (no cloak)
rCorr   .          Rampage  .   (no gloves)
Will    .....                   p - +0 pair of boots
Stlth   ..........              (no amulet)
HPRegen 0.18/turn               j - ring of positive energy
MPRegen 0.13/turn               l - ring of see invisible

@: mighty
A: sickness immunity, AC +6, negative energy resistance 1, electricity
resistance, torment resistance 1, petrification resistance, cold resistance 1,
high mp 1, subdued magic 1
a: Renounce Religion, Heroism


You were on level 7 of the Dungeon.
You worshipped Okawaru.
Okawaru was aware of your devotion.
You visited 1 branch of the dungeon, and saw 7 of its levels.

You collected 417 gold pieces.

Inventory:

Hand Weapons
 a - a +0 vorpal war axe (weapon)
 h - the +4 mace of the Imperium {flame, Str+3}
   (You found it on level 3 of the Dungeon)

   It burns those it strikes, dealing additional fire damage.
   Str:       It affects your strength (+3).
Armour
 b - a +0 scale mail (worn)
 c - a +1 buckler (worn)
 o - an orb of light
 p - a +0 pair of boots (worn)
Jewellery
 j - a ring of positive energy (left hand)
 l - a ring of see invisible (right hand)
 s - a ring of positive energy
Wands
 k - a wand of digging (5)
 n - a wand of paralysis (8)
 q - a wand of iceblast (5)
Scrolls
 e - a scroll of enchant armour
 i - a scroll of silence
 m - 2 scrolls of identify
Potions
 f - a potion of curing
 g - 2 potions of mutation
 r - a potion of magic


   Skills:
 + Level 5.8 Fighting
 + Level 7.4 Axes
 + Level 7.3 Armour
 - Level 0.1 Stealth
 + Level 5.5 Shields
 * Level 2.7 Invocations
 * Level 2.1 Evocations


You had 8 spell levels left.
You didn't know any spells.
Your spell library contained the following spells:

 Spells                   Type           Power      Damage    Failure   Level
 Slow                     Hex            0%         N/A       65%         1
 Confusing Touch          Hex            0%         N/A       95%         3
 Vampiric Draining        Necr           0%         2d6       95%         3


Dungeon Overview and Level Annotations

Branches:
Dungeon (7/15)
 Temple: D:4-7

Altars:
Cheibriados
Elyvilon
Fedhas
Gozag
Hepliaklqana
Okawaru
Ru
Trog
Yredelemnul
Beogh

Shops:
D:2 =   D:3 *

Annotations:
D:7 1 transporter, Maggie; vivovinco's ghost, amateur DgCj


Innate Abilities, Weirdness & Mutations

You are immune to sickness and miasma.
Your stone body is resilient. (AC +6)
You are immune to poison.
You resist negative energy. (rN+)
You are resistant to electric shocks. (rElec)
You are resistant to unholy torment.
You are immune to petrification.
Your flesh is cold resistant. (rC+)
You have an increased reservoir of magic. (+10% MP)
Your spells are a little easier to cast, but a little less powerful.


Message History

Maggie is severely wounded.
Maggie points at you and mumbles some strange words.
The bolt of fire hits you.
You are too injured to fight recklessly!
You are too injured to fight recklessly!
You are too injured to fight recklessly!
You are too injured to fight recklessly!
You are too injured to fight recklessly!
You are too injured to fight recklessly!
You are too injured to fight recklessly!
You are too injured to fight recklessly!
You hit Maggie.
Maggie is severely wounded.
Maggie hits you with a +2 scimitar of flaming.
Maggie burns you.
You hit Maggie but do no damage.
Maggie is severely wounded.
Maggie hits you with a +2 scimitar of flaming.
Maggie burns you.
You hit Maggie.
Maggie is severely wounded.
You block Maggie's attack.
You barely miss Maggie.
Maggie is severely wounded.
Maggie hits you but does no damage.
Maggie hits you with a +2 scimitar of flaming!
* * * LOW HITPOINT WARNING * * *
Maggie burns you.
* * * LOW HITPOINT WARNING * * *
You feel better. Maggie completely misses you.
You barely miss Maggie.
Maggie is severely wounded.
Maggie hits you with a +2 scimitar of flaming!
* * * LOW HITPOINT WARNING * * *
Maggie burns you.
* * * LOW HITPOINT WARNING * * *
You feel very mighty all of a sudden.
You break out of your daze.
Maggie hits you with a +2 scimitar of flaming!
You die...

.....#
.....##########
.....+..>....[#
.....#+######.###
..###...........# ..#
#........##.# ..#
#........##.#
..###........##.#####
.............##.@@..#
.....#+############.#
.....+ .....# .......
.....#. .....# .....#
#.##


You could see Maggie.

Vanquished Creatures
  A hornet (D:6)
  Sigmund (D:3)
  3 ice beasts
  A sky beast (D:5)
  A black bear (D:6)
  6 ogres
  A necrophage (D:6)
  2 phantoms (D:4)
  3 scorpions
  A water moccasin skeleton (D:5)
  A bullfrog zombie (D:7)
  2 hounds (D:4)
  2 orc priests (D:6)
  An iguana (D:6)
  4 orc wizards
  A howler monkey zombie (D:5)
  6 adders
  A shadow imp (D:6)
  A white imp (D:7)
  An ufetubus (D:5)
  4 worms
  An adder skeleton (D:4)
  6 dart slugs
  17 orcs
  8 ball pythons
  7 endoplasms
  5 giant cockroaches
  8 hobgoblins
  4 jackals (D:1)
  2 quokkas
  8 bats
  7 frilled lizards
  11 goblins
  A jackal skeleton (D:4)
  7 kobolds
  7 rats
  A toadstool (D:1)
144 creatures vanquished.

Vanquished Creatures (others)
  9 fungi (D:1)
  2 toadstools (D:1)
11 creatures vanquished.

Grand Total: 155 creatures vanquished

Notes
Turn   | Place    | Note
-------+----------+-------------------------------------------
     0 | D:1      | bande the Gargoyle Fighter began the quest for the Orb.
     0 | D:1      | Reached XP level 1. HP: 14/14 MP: 1/1
   222 | D:1      | Reached XP level 2. HP: 14/19 MP: 2/2
   479 | D:1      | Reached XP level 3. HP: 23/23 MP: 3/3
   643 | D:1      | Found a faded altar of an unknown god.
  1322 | D:2      | Reached XP level 4. HP: 29/29 MP: 4/4
  1863 | D:2      | Found Dastiyfi's Jewellery Boutique.
  2217 | D:2      | Reached XP level 5. HP: 33/33 MP: 5/5
  2349 | D:3      | Found Nuor Orr's General Store.
  2354 | D:3      | Found a hazy altar of Hepliaklqana.
  2382 | D:3      | Noticed an ice beast
  2394 | D:3      | HP: 1/33 [ice beast (7)]
  2400 | D:3      | Killed an ice beast
  2751 | D:3      | Identified the +4 mace of the Imperium {flame, Str+3}
  2860 | D:3      | Noticed Sigmund
  2877 | D:3      | Killed Sigmund
  2878 | D:3      | Reached XP level 6. HP: 32/38 MP: 6/6
  2954 | D:3      | Found a large runed translucent door.
  2955 | D:3      | Found a large runed translucent door.
  3009 | D:3      | Found an opulent altar of Gozag.
  3010 | D:3      | Found a blossoming altar of Fedhas.
  3182 | D:3      | Found a bloodstained altar of Trog.
  3189 | D:3      | Found a sacrificial altar of Ru.
  3239 | D:4      | Reached skill level 5 in Armour
  3239 | D:4      | Reached XP level 7. HP: 24/43 MP: 7/7
  3639 | D:4      | Reached skill level 5 in Axes
  3812 | D:4      | Gained mutation: Your spells are a little easier to cast,
                  | but a little less powerful. [potion of mutation]
  3812 | D:4      | Gained mutation: You have an increased reservoir of magic.
                  | (+10% MP) [potion of mutation]
  3812 | D:4      | Gained mutation: Your flesh is cold resistant. (rC+)
                  | [potion of mutation]
  4543 | D:4      | Reached XP level 8. HP: 31/48 MP: 8/8
  4739 | D:5      | Entered Level 5 of the Dungeon
  5313 | D:5      | Found a snail-covered altar of Cheibriados.
  5318 | D:5      | Reached skill level 5 in Fighting
  5318 | D:5      | Reached skill level 5 in Shields
  5608 | D:5      | Found an iron altar of Okawaru.
  5660 | D:5      | Became a worshipper of Warmaster Okawaru
  6208 | D:5      | Reached skill level 1 in Invocations
  6261 | D:5      | Found a basalt altar of Yredelemnul.
  6706 | D:6      | Reached skill level 1 in Evocations
  6758 | D:6      | Noticed a hornet
  6779 | D:6      | Killed a hornet
  6780 | D:6      | Reached XP level 9. HP: 14/54 MP: 11/11
  7230 | D:6      | Reached * piety under Okawaru
  7371 | D:6      | Found a white marble altar of Elyvilon.
  7934 | D:7      | Found a transporter.
  7934 | D:7      | Noticed vivovinco's ghost (amateur DgCj)
  7935 | D:7      | Noticed a kobold demonologist
  7943 | D:7      | Noticed a two-headed ogre
  8359 | D:7      | Noticed Maggie
  8378 | D:7      | Slain by Maggie

Illustrated notes

Levels and vault maps discovered:
D:1:      dpeg_arrival_signposts, layout_basic,
          hellmonk_ecumenical_altar_defaced_shrine,
          ebering_dispersal_statue_hall, serial_park_tiny_pond,
          minmay_gold_behind_fungi
D:2:      layout_loops_ring, serial_shops, nicolae_shop_hallway_stairs,
          kennysheep_potato
D:3:      layout_rooms, chequers_temple_overflow_statue_of_worship,
          jmf_multi_god_temple2, serial_shops, nicolae_shop_statue_plus,
          uniq_sigmund
D:4:      layout_basic
D:5:      layout_layer_cave, mainiacjoe_overflow_small_starburst,
          mainiacjoe_overflow_boulevard, mainiacjoe_overflow_brackets,
          st_stairs_7, hangedman_abyss_or_decor_jellyfish_corner, minivault_24
D:6:      layout_basic, lemuel_doored_altar
D:7:      layout_basic, minmay_temple_entry_nine_rooms, gammafunk_ghost_arena,
          minmay_guarded_unrand_staff_of_olgreb, uniq_maggie

Skill      XL: |  1  2  3  4  5  6  7  8  9 |
---------------+----------------------------+-----
Axes           | 2 3 4 5 7 |  7.4
Fighting       | 4 5 |  5.8
Armour         | 4 5 7 |  7.3
Shields        | 4 5 |  5.5
Invocations    | 2 |  2.7
Evocations     | 1 2 |  2.1
Stealth        | |  0.1

Action                   |  1- 3 |  4- 6 |  7- 9 || total
-------------------------+-------+-------+-------++-------
Melee: War axe           |   115 |   100 |   274 ||   489
  Use: Scroll            |     1 |     5 |     6 ||    12
       Potion            |       |     5 |     8 ||    13
Armor: Scale mail        |    85 |    45 |   146 ||   276
       Skin              |       |     4 |       ||     4
Dodge: Dodged            |    70 |    42 |   106 ||   218
Block: Buckler           |    25 |    30 |    72 ||   127

Table legend: (Time is in decaauts)
 A = Elapsed time spent in this place.
 B = Non-inter-level travel time spent in this place.
 C = Inter-level travel time spent in this place.
 D = Time resting spent in this place.
 E = Time spent auto-exploring this place.
 F = Levels seen in this place.
 G = Mean time per level.
                   A        B        C        D        E       F      G
               +--------+--------+--------+--------+--------+-----+--------+
         Total |   8516 |   8430 |     86 |   2601 |   4442 |   7 | 1216.6 |
       Dungeon |   8516 |   8430 |     86 |   2601 |   4442 |   7 | 1216.6 |
               +--------+--------+--------+--------+--------+-----+--------+

Top non-repeatable levels by time:
     D:5: 1832 daAuts
     D:6: 1690 daAuts
     D:4: 1463 daAuts
     D:2: 1307 daAuts
     D:1: 1110 daAuts
     D:3: 968 daAuts
     D:7: 143 daAuts
